 Dungeon Crawl Stone Soup version 0.30.1-11-g7821555f0a (webtiles) character file.

Game seed: 15506401990857367086

18 Peloso the Trooper (level 2, 27/27 HPs)
             Began as a Minotaur Fighter on Dec 11, 2023.
             Got out of the dungeon alive.
             The game lasted 00:01:54 (929 turns).

Peloso the Trooper (Minotaur Fighter)                Turns: 929, Time: 00:01:54

Health: 27/27      AC: 10    Str: 17 (20) XL:     2   Next: 48%
Magic:  1/1        EV:  9    Int:  3 (5)  God:
Gold:   11         SH:  4    Dex:  6 (9)  Spells: 1/1 levels left

rFire   . . .        a - +0 long sword
rCold   . . .        c - +0 buckler
rNeg    . . .        b - +0 scale mail
rPois   .            (helmet unavailable)
rElec   .            (no cloak)
rCorr   .            (no gloves)
SInv    .            (no boots)
Will    .....        (no amulet) Stlth
                     (no ring)
HPRegen 0.24/turn    (no ring)
MPRegen 0.07/turn

%: no passive effects
@: no status effects
A: horns 3, retaliatory headbutt, iridescent scales 1, shaggy fur 1, MP-powered
wands
a: no special abilities


You escaped.
You visited 1 branch of the dungeon, and saw 1 of its levels.

You collected 11 gold pieces.

Inventory:

Hand Weapons
 a - a +0 long sword (weapon)
Armour
 b - a +0 scale mail (worn)
 c - a +0 buckler (worn)
Potions
 d - a potion of might
 g - a potion of curing {unknown}
 i - a potion of invisibility {unknown}


   Skills:
 + Level 4.0 Fighting
 + Level 2.8 Long Blades
 + Level 4.0 Armour
 + Level 3.7 Shields


You had one spell level left.
You didn't know any spells.
Your spell library was empty.

Dungeon Overview and Level Annotations

Branches:
Dungeon (1/15)

Altars:


Innate Abilities, Weirdness & Mutations

You have a pair of large horns on your head.
You reflexively headbutt those who attack you in melee.
You are partially covered in iridescent scales. (AC +2)
You are covered in fur. (AC +1)
You expend magic power (3 MP) to strengthen your wands.


Message History

Your +0 scale mail unmelds from your body.
You start waiting.
Done waiting.
You start waiting.
Done waiting.
(D) Dungeon
Where to? (? - help)
What level of the Dungeon? (default 1, ? - help)
Okay, then.
As you read the scroll labelled XELAUR NYEHADO, it crumbles to dust.
The air around you briefly surges with heat, but it dissipates.
It was a scroll of immolation.
As you read the scroll labelled YCRIBR LA LOLI, it crumbles to dust.
Magic quickly surges around you.
It was a scroll of vulnerability.
(D) Dungeon
Where to? (? - help)
What level of the Dungeon? (default 1, ? - help)
Okay, then.
Unknown command.
Really read the scroll of vulnerability?
You can't even see any enemies this would affect.
As you read the scroll of vulnerability, it crumbles to dust.
Magic quickly surges around you.
Really read the scroll of vulnerability?
You can't even see any enemies this would affect.
As you read the scroll of vulnerability, it crumbles to dust.
Magic quickly surges around you.
(D) Dungeon
Where to? (? - help)
What level of the Dungeon? (default 1, ? - help)
Okay, then.
Unknown command.
(D) Dungeon
Where to? (? - help)
What level of the Dungeon? (default 1, ? - help)
There is a stone staircase leading down here.
You feel your willpower return.
There is a dry fountain here.
There is an open door here.
There is a staircase leading out of the dungeon here.
Are you sure you want to leave the Dungeon?
This will make you lose the game!
You have escaped!

#.###...###.#
##P.##
#.#.......#.#
####
#.#.⌠.#.⌠.#.#
#.....#.....#
#....###....#
#.
####..#..####
#. +.....+
#P.. ###'###
..♣P #....@#
..P♣ #######
... #.. ##


There were no monsters in sight!

Vanquished Creatures
  A dart slug (D:1)
  2 endoplasms (D:1)
  2 giant cockroaches (D:1)
  A hobgoblin (D:1)
  A kobold (D:1)
  A quokka (D:1)
  A ball python (D:1)
  2 bats (D:1)
  4 rats (D:1)
15 creatures vanquished.

Notes
Turn   | Place    | Note
-------+----------+-------------------------------------------
     0 | D:1      | Peloso the Minotaur Fighter began the quest for the Orb.
     0 | D:1      | Reached XP level 1. HP: 19/19 MP: 0/0
   195 | D:1      | Reached XP level 2. HP: 27/27 MP: 1/1
   299 | D:1      | Found a faded altar of an unknown god.
   599 | D:1      | Gained mutation: You have sharp toenails. [potion of
                  | mutation]
   599 | D:1      | Gained mutation: You are vulnerable to heat. (rF-) [potion
                  | of mutation]
   600 | D:1      | Lost mutation: You are vulnerable to heat. (rF-) [potion of
                  | mutation]
   600 | D:1      | Lost mutation: You have sharp toenails. [potion of
                  | mutation]
   600 | D:1      | Gained mutation: You expend magic power (3 MP) to
                  | strengthen your wands. [potion of mutation]
   600 | D:1      | Gained mutation: You are partially covered in iridescent
                  | scales. (AC +2) [potion of mutation]
   600 | D:1      | Gained mutation: You have a pair of large horns on your
                  | head. [potion of mutation]
   600 | D:1      | Gained mutation: You are covered in fur. (AC +1) [potion of
                  | mutation]
   929 | D:$      | Got out of the dungeon alive.

Illustrated notes

Levels and vault maps discovered:
D:1:      dpeg_arrival_court, layout_loops_cross, serial_forest,
          infiniplex_forest_end_1, infiniplex_forest_clump_small,
          infiniplex_forest_clump_curved, infiniplex_forest_zigzag_1,
          infiniplex_forest_corner_1, infiniplex_forest_clump_curved,
          infiniplex_forest_clump_curved, chequers_ecumenical_altar_grove

Skill      XL: |  1  2 |
---------------+-------+-----
Fighting       | 4 |  4.0
Armour         | 4 |  4.0
Long Blades    | |  2.8
Shields        | |  3.7

Action                     || total
---------------------------++-------
  Melee: Long sword        ||    52
         Headbutt          ||     3
    Use: Scroll            ||     4
         Potion            ||     4
 Armour: Scale mail        ||    24
  Dodge: Dodged            ||    15
  Block: Buckler           ||    21
